 Dungeon Crawl Stone Soup version 0.30.0-19-g36f170ea60 (webtiles) character file.

Game seed: 13732936076187568680

3 ChrisAssaf the Stinger (level 1, 14/14 HPs)
             Began as a Draconian Venom Mage on May 30, 2023.
             Was a Follower of Trog.
             Quit the game on level 1 of the Dungeon.
             The game lasted 00:00:51 (346 turns).

ChrisAssaf the Stinger (Draconian Venom Mage)        Turns: 346, Time: 00:00:52

Health: 14/14      AC:  4    Str: 10    XL:     1   Next: 41%
Magic:  2/3        EV: 12    Int: 15    God:    Trog [*.....]
Gold:   10         SH:  0    Dex: 11    Spells: 3/4 levels left

rFire   . . .        (no weapon)
rCold   . . .        (no shield)
rNeg    . . .        (body armour unavailable)
rPois   .            (helmet restricted)
rElec   .            (no cloak)
rCorr   .            (no gloves)
SInv    +            (no boots)
Will    .....        b - amulet of regeneration
Stlth   ++           c - ring of see invisible
HPRegen 1.02/turn    (no ring)
MPRegen 0.08/turn

%: no passive effects
@: no status effects
A: AC +4, unfitting armour, cold-blooded
a: Renounce Religion, Berserk


You were on level 1 of the Dungeon.
You worshipped Trog.
Trog was aware of your devotion.
You visited 1 branch of the dungeon, and saw 1 of its levels.

You collected 10 gold pieces.

Inventory:

Jewellery
 b - an amulet of regeneration (around neck)
 c - a ring of see invisible (left hand)
Potions
 a - a potion of magic


   Skills:
 * Level 1.8 Dodging
 * Level 1.8 Stealth
 - Level 2.0 Spellcasting
 - Level 1.0 Transmutations
 - Level 3.1 Poison Magic


You had 3 spell levels left.
You knew the following spells:

 Your Spells              Type           Power      Damage    Failure   Level
a - Sting                 Tmut/Pois      28%        1d4       10%         1

Your spell library contained the following spells:

 Spells                   Type           Power      Damage    Failure   Level
 Poisonous Vapours        Pois/Air       12%        N/A       17%         2
 Mephitic Cloud           Conj/Pois/Air  4%         N/A       41%         3
 Olgreb's Toxic Radiance  Pois           11%        N/A       52%         4


Dungeon Overview and Level Annotations

Branches:
Dungeon (1/15)

Altars:
Trog


Innate Abilities, Weirdness & Mutations

Your plain brown scales are hard. (AC +4)
You cannot fit into any form of body armour.
You are cold-blooded and may be slowed by cold attacks.


Message History

Aim: an endoplasm (lightly wounded, poisoned, 97% to hit)
The sting hits the endoplasm.
The endoplasm partially resists.
The endoplasm looks even sicker.
The endoplasm is moderately wounded.
The endoplasm freezes you.
You are frozen.
You feel yourself slow down. The endoplasm attacks as you move away!
The endoplasm hits you. The endoplasm closely misses you.
You feel yourself speed up.
You kill the endoplasm!
You start resting.
Magic restored.
You see here a +0 ring mail.
Found a stone staircase leading down.
Aiming: Sting (safe; 10% risk of failure)
Press: ? - help, Q - select action Shift-Dir - straight line, f - hobgoblin
Aim: a hobgoblin (asleep, 100% to hit)
The sting hits the hobgoblin.
The hobgoblin is poisoned.
The hobgoblin is lightly wounded.
The hobgoblin shouts!
The hobgoblin hits you. The hobgoblin attacks as you move away!
The hobgoblin misses you. The hobgoblin attacks as you move away!
The hobgoblin hits you but does no damage.
Aiming: Sting (safe; 10% risk of failure)
Press: ? - help, Q - select action Shift-Dir - straight line, f/p - hobgoblin
Aim: a hobgoblin (heavily wounded, poisoned, 68% to hit)
The sting hits the hobgoblin but does no damage.
The hobgoblin looks even sicker.
The hobgoblin is heavily wounded.
The hobgoblin hits you but does no damage.
The hobgoblin attacks as you move away! The hobgoblin hits you.
You kill the hobgoblin!
You see here a hobgoblin corpse.
There is a faded altar of an unknown god here.
This altar belongs to (a) Gozag, (b) Trog or (c) Ashenzari, but you can't tell which.
Press the corresponding letter to learn more about a god, or press enter to convert or escape to cancel.
Trog accepts your prayer! Trog welcomes you!
You can now go berserk at will.
Are you sure you want to abandon this character and quit the game? (Confirm with "yes".)

≈≈≈≈§§≈#....####.#######
≈≈≈§≈≈§###.###.........#
.§§# #.###.#.###.#.#
≈§≈≈≈§≈ ..##........#
≈§≈§§§§ #####..#.....#
#≈≈§≈§### #..#.....# #
#######.#####..#.....#.#
.......................#
................@.#.....
....................####
#####...########.####
#...# ####.#### #...#
#....".># #...#
#.#._##.# #####...#
#.##.# .. #.......##
#.##... .# ...#.....#
##†#####.# #


There were no monsters in sight!

Vanquished Creatures
  An endoplasm (D:1)
  A hobgoblin (D:1)
  A goblin (D:1)
3 creatures vanquished.

Notes
Turn   | Place    | Note
-------+----------+-------------------------------------------
     0 | D:1      | ChrisAssaf the Draconian Venom Mage began the quest for the
                  | Orb.
     0 | D:1      | Reached XP level 1. HP: 14/14 MP: 3/3
   239 | D:1      | Found a faded altar of an unknown god.
   340 | D:1      | Prayed at the altar of an unknown god.
   340 | D:1      | Became a worshipper of Trog the Wrathful
   340 | D:1      | Reached * piety under Trog
   346 | D:1      | Quit the game

Illustrated notes

Levels and vault maps discovered:
D:1:      minmay_arrival_open_corners, layout_loops_cross,
          basic_ecumenical_altar, serial_shops, shop, serial_rivers,
          chequers_serial_rivers_micro_a, chequers_serial_rivers_micro_d,
          chequers_serial_rivers_micro_a, chequers_serial_rivers_small_3,
          kennysheep_flooded_box, minmay_misc_feat_roman

Action                     || total
---------------------------++-------
   Cast: Sting             ||     6
 Armour: Skin              ||     2
  Dodge: Dodged            ||     2
